 Dungeon Crawl Stone Soup version 0.31-a0-986-g5e6e4ef867 (webtiles) character file.

Game seed: 12367293660949437467

5194 freelancePsychic the Thaumaturge (level 10, -8/80 HPs)
             Began as a Demonspawn Cinder Acolyte on Nov 22, 2023.
             Was an Elder of Ignis.
             Mangled by a vampire (9 damage)
             ... on level 10 of the Dungeon.
             The game lasted 00:12:01 (10127 turns).

freelancePsychic the Thaumaturge (DsCA)            Turns: 10127, Time: 00:12:01

Health: -8/80      AC:  3    Str: 14    XL:     10   Next: 34%
Magic:  3/31       EV: 13    Int: 21    God:    Ignis [****..]
Gold:   255        SH:  0    Dex:  8    Spells: 24/26 levels left

rFire   + . .        r - +2 dagger (drain)
rCold   . . .        (no shield)
rNeg    . . .        k - +1 robe of the Cherry {Will+ Regen+}
rPois   .            (no helmet)
rElec   .            (no cloak)
rCorr   .            (no gloves)
SInv    .            (no boots)
Will    +....        (no amulet)
Stlth   +            h - ring of magical power
HPRegen 1.13/turn    (no ring)
MPRegen 0.22/turn

%: no passive effects
@: about to teleport, very slightly contaminated
A: repulsion field 1, foul stench 2, weakness stinger 2
a: Renounce Religion, Fiery Armour, Foxfire Swarm, Rising Flame


You were on level 10 of the Dungeon.
You worshipped Ignis.
Ignis was greatly pleased with you.
You visited 1 branch of the dungeon, and saw 10 of its levels.

You collected 566 gold pieces.
You spent 311 gold pieces at shops.

Inventory:

Hand Weapons
 a - a -1 spear of flaming
 r - a +2 dagger of draining (weapon)
 B - a +2 long sword of flaming
Missiles
 e - a throwing net
Armour
 b - a +0 robe
 k - the +1 robe of the Cherry (worn) {Will+ Regen+}
   (You found it on level 3 of the Dungeon)

   Will+:     It increases your willpower.
   Regen+:    It increases your rate of health regeneration.
 F - a +0 troll leather armour
Magical Staves
 n - a staff of conjuration
Jewellery
 c - a ring of ice
 h - a ring of magical power (left hand)
 z - a ring of resist corrosion
 G - an amulet of the acrobat
Wands
 i - a wand of digging (7)
 E - a wand of roots (10)
Scrolls
 d - 4 scrolls of fog
 p - 2 scrolls of amnesia
 q - a scroll of noise
 s - a scroll of blinking
 t - a scroll of revelation
 v - 2 scrolls of teleportation {@r4}
 w - a scroll of vulnerability
 x - a scroll of fear
 y - 3 scrolls of identify {@r1}
Potions
 f - 6 potions of haste {@q3}
 g - 5 potions of curing {@q1}
 j - 2 potions of enlightenment {unknown}
 l - 2 potions of mutation {unknown}
 m - a potion of berserk rage {unknown}
 o - a potion of lignification {unknown}
 u - a potion of ambrosia {unknown}
 A - a potion of might {unknown}
 C - 2 potions of brilliance


   Skills:
 + Level 8.2 Fighting
 - Level 2.6 Polearms
 + Level 8.9 Spellcasting
 + Level 6.4 Conjurations
 - Level 4.2 Fire Magic
 + Level 3.3 Ice Magic
 + Level 3.3 Air Magic


You had 24 spell levels left.
You knew the following spells:

 Your Spells              Type           Power      Damage    Failure   Level
b - Scorch                Fire           54%        2d7       1%          2

Your spell library contained the following spells:

 Spells                   Type           Power      Damage    Failure   Level
 Magic Dart               Conj           100%       1d8       1%          1
 Searing Ray              Conj           72%        2d7       1%          2
 Frozen Ramparts          Ice            46%        1d7       5%          3
 Ozocubu's Armour         Ice            23%        N/A       5%          3
 Cigotuvi's Dreadful Rot  Necr/Pois/Air  28%        N/A       7%          2
 Ignite Poison            Fire/Tmut/Pois 15%        N/A       12%         3
 Fulminant Prism          Conj/Hex       11%        3d8       19%         4
 Iskenderun's Mystic Bla  Conj/Tloc      22%        2d6       19%         4
 Gell's Gravitas          Tloc           9%         N/A       22%         3
 Teleport Other           Tloc           9%         N/A       22%         3
 Tukima's Dance           Hex            9%         N/A       22%         3
 Fireball                 Conj/Fire      15%        3d8       22%         5
 Freezing Cloud           Conj/Ice/Air   13%        6-21      32%         5
 Cause Fear               Hex            4%         N/A       58%         4
 Dimensional Bullseye     Hex/Tloc       4%         N/A       58%         4
 Manifold Assault         Tloc           9%         N/A       58%         4
 Petrify                  Tmut/Erth      9%         N/A       58%         4
 Metabolic Englaciation   Hex/Ice        8%         N/A       71%         5
 Simulacrum               Ice/Necr       8%         N/A       99%         6
 Dispersal                Tloc           4%         N/A       100%        6
 Disjunction              Tloc           4%         N/A       100%        8
 Dragon's Call            Summ           4%         N/A       100%        9


Dungeon Overview and Level Annotations

Branches:
Dungeon (10/15)            Temple (0/1) D:5
   Lair: D:8-11         Orc: D:9-12

Altars:
Kikubaaqudgha
Sif Muna
Uskayaw
Xom

Shops:
D:7 :!?(

Annotations:
D:8 3 runed translucent doors, Gastronok; grandjackal's ghost, novice DsGl


Innate Abilities, Weirdness & Mutations

You are surrounded by a mild repulsion field. (EV +2)
You sometimes emit foul miasma when damaged in melee.
You have a tail ending in a sharp stinger.


Message History

Flames lash something but do no damage.
You hear some strange, mumbled words.
Something tries to affect you, but you resist.
Casting: Scorch (safe; 1% risk of failure)
Confirm with . or Enter, or press ? or * to list all spells.
Flames lash something.
Something hits you but does no damage. Something bites you.
Something draws strength from your injuries!
Casting: Scorch (safe; 1% risk of failure)
Confirm with . or Enter, or press ? or * to list all spells.
Flames lash something.
Something hits you!
* * * LOW HITPOINT WARNING * * *
Something bites you.
* * * LOW HITPOINT WARNING * * *
Something draws strength from your injuries!
Casting: Scorch (safe; 1% risk of failure)
Confirm with . or Enter, or press ? or * to list all spells.
Flames lash something.
Something draws life force from you!
* * * LOW HITPOINT WARNING * * *
Casting: Scorch (safe; 1% risk of failure)
Confirm with . or Enter, or press ? or * to list all spells.
You miscast Scorch.
You are very lightly contaminated with residual magic.
Nothing appears to happen.
You hear some strange, mumbled words.
Something tries to affect you, but you resist.
You feel much better. Something hits you!
You emit a cloud of foul miasma!
Something bites you.
* * * LOW HITPOINT WARNING * * *
Something draws strength from your injuries!
As you read the scroll of teleportation {@r4}, it crumbles to dust.
You feel strangely unstable. Something hits you.
* * * LOW HITPOINT WARNING * * *
Something bites you.
* * * LOW HITPOINT WARNING * * *
Something draws strength from your injuries!
Something hits you!
* * * LOW HITPOINT WARNING * * *
You emit a cloud of foul miasma!
Something bites you!
You die...

....... #....... .....
#....... ... #.....<.
#'# #####.## #)# ###.#
#.# #...# ##☼# #.###
#§.# ####.####
####@##### #........
#........####........
##........#...........
..............##........
####........####........
#........# #........
#######.## #####.### #.#
##.# #.# #..#


There were no monsters in sight!

Vanquished Creatures
  2 two-headed ogres (D:8)
  2 trolls (D:10)
  A wraith (D:10)
  5 yaks (D:6)
  Menkaure (D:4)
  An acid dragon (D:10)
  A sky beast (D:8)
  2 orc warriors
  An ice beast (D:6)
  A black bear (D:7)
  An ogre (D:4)
  3 centaurs
  2 bullfrogs
  Blork the orc (D:6)
  3 scorpions
  A wight (D:8)
  3 killer bees (D:9)
  2 howler monkeys (D:9)
  5 hounds
  5 jellies
  2 orc priests
  Crazy Yiuf (D:4)
  A gnoll bouda (D:7)
  A sleepcap (D:7)
  3 iguanas (D:5)
  7 orc wizards
  10 gnolls
  11 adders
  A shadow imp (D:5)
  3 white imps
  6 ufetubi
  3 worms (D:2)
  A dart slug (D:4)
  19 orcs
  8 ball pythons
  8 endoplasms
  3 giant cockroaches
  12 goblins
  5 hobgoblins
  4 jackals (D:1)
  7 kobolds
  4 quokkas
  A bat (D:2)
  2 frilled lizards
  2 goblin skeletons (D:5)
  2 goblin zombies (D:5)
  A hobgoblin zombie (D:5)
  2 kobold skeletons (D:5)
  2 orc zombies (D:5)
  4 rats (D:3)
179 creatures vanquished.

Vanquished Creatures (others)
  23 foxfires (D:8)
23 creatures vanquished.

Grand Total: 202 creatures vanquished

Notes
Turn   | Place    | Note
-------+----------+-------------------------------------------
     0 | D:1      | freelancePsychic the Demonspawn Cinder Acolyte began the
                  | quest for the Orb.
     0 | D:1      | Reached XP level 1. HP: 18/18 MP: 2/2
   177 | D:1      | Gained mutation: You have a small tail. [demonic ancestry]
   177 | D:1      | Reached XP level 2. HP: 9/24 MP: 3/3
   411 | D:1      | HP: 1/24 [kobold/+0 short sword (4)]
   760 | D:1      | Found a faded altar of an unknown god.
   886 | D:1      | Learned a level 2 spell: Scorch
   994 | D:2      | Reached XP level 3. HP: 29/29 MP: 2/5
  1540 | D:2      | Gained mutation: You may rarely emit foul miasma when
                  | damaged in melee. [demonic ancestry]
  1540 | D:2      | Reached XP level 4. HP: 31/37 MP: 5/7
  2542 | D:3      | Reached XP level 5. HP: 29/42 MP: 6/9
  2948 | D:3      | Identified the +1 robe of the Cherry {Will+ Regen+}
  3514 | D:4      | Noticed Menkaure
  3526 | D:4      | Killed Menkaure
  3527 | D:4      | Reached XP level 6. HP: 49/49 MP: 12/12
  3932 | D:4      | Found a runed translucent door.
  3933 | D:4      | Noticed Crazy Yiuf
  4399 | D:4      | Gained mutation: You are surrounded by a mild repulsion
                  | field. (EV +2) [demonic ancestry]
  4399 | D:4      | Reached XP level 7. HP: 48/55 MP: 13/13
  4578 | D:4      | Killed Crazy Yiuf
  4644 | D:5      | Entered Level 5 of the Dungeon
  4648 | D:5      | Reached skill level 5 in Fighting
  4648 | D:5      | Reached skill level 1 in Conjurations
  4749 | D:5      | Reached skill level 5 in Spellcasting
  5385 | D:5      | Gained mutation: You have a tail ending in a sharp stinger.
                  | [demonic ancestry]
  5385 | D:5      | Reached XP level 8. HP: 63/63 MP: 16/16
  5467 | D:5      | Found a staircase to the Ecumenical Temple.
  5937 | D:6      | Noticed Blork the orc
  5975 | D:6      | Killed Blork the orc
  7052 | D:6      | Reached XP level 9. HP: 35/71 MP: 20/20
  7308 | D:7      | Identified the of Luskel
  7308 | D:7      | Identified the "Owent"
  7308 | D:7      | Identified the "Ymuataom"
  7423 | D:7      | Found Tuaxox's Book Shoppe.
  7456 | D:7      | Found Koetaiva's Magic Scroll Emporium.
  7457 | D:7      | Found Weblu's Weapon Boutique.
  7457 | D:7      | Found Otrufu's Distillery.
  7492 | D:7      | Bought a scroll of teleportation for 45 gold pieces
  7509 | D:7      | Bought a potion of brilliance for 56 gold pieces
  7509 | D:7      | Bought a potion of haste for 140 gold pieces
  7509 | D:7      | Bought a potion of heal wounds for 70 gold pieces
  7560 | D:7      | Found a shimmering blue altar of Sif Muna.
  7755 | D:7      | Reached skill level 5 in Conjurations
  8090 | D:8      | Noticed a two-headed ogre
  8090 | D:8      | Noticed Gastronok
  8282 | D:8      | Reached skill level 1 in Air Magic
  8334 | D:8      | Found a shimmering altar of Xom.
  8381 | D:8      | Killed a two-headed ogre
  8447 | D:8      | Found a runed translucent gate.
  8447 | D:8      | Found a runed translucent gate.
  8447 | D:8      | Found a runed translucent gate.
  8449 | D:8      | Noticed grandjackal's ghost (novice DsGl)
  8451 | D:8      | Noticed an 11-headed hydra
  8518 | D:8      | Found a shimmering altar of Xom.
  8518 | D:8      | Found a shimmering altar of Xom.
  8531 | D:8      | Found a shimmering altar of Xom.
  8541 | D:8      | Found a shimmering altar of Xom.
  8699 | D:8      | Found a hide-covered altar of Uskayaw.
  8805 | D:9      | Noticed a two-headed ogre
  8819 | D:8      | Killed a two-headed ogre
  8820 | D:8      | Gained mutation: You sometimes emit foul miasma when
                  | damaged in melee. [demonic ancestry]
  8820 | D:8      | Reached XP level 10. HP: 14/80 MP: 17/22
  9285 | D:9      | Found an ancient bone altar of Kikubaaqudgha.
  9678 | D:10     | Entered Level 10 of the Dungeon
 10127 | D:10     | HP: 1/80 [something (13)]
 10127 | D:10     | Mangled by a vampire

Illustrated notes

Levels and vault maps discovered:
D:1:      saegor_arrival_simple_d, layout_basic,
          hellmonk_ecumenical_altar_leap_of_faith, grunt_decor_arrowhead,
          dreamdust_princess_corridor, minmay_heptomino_w4
D:2:      layout_rooms
D:3:      layout_loops_ring
D:4:      layout_basic, minivault_1, uniq_menkaure, uniq_crazy_yiuf_cottage
D:5:      layout_loops_ring, nicolae_tso_besieged_by_evil,
          minmay_temple_entry_antechambers
D:6:      layout_basic, minmay_misc_feat_roman, due_unseen_surprise,
          uniq_blork_the_orc
D:7:      layout_rooms, mainiacjoe_overflow_catwalk, serial_shops, shop, shop,
          shop, shop
D:8:      layout_rooms, xom_redecorated, marbit_many_paths,
          gammafunk_ghost_hydra_chop, uniq_gastronok
D:9:      layout_basic, lemuel_doored_altar, grunt_decor_resistance
D:10:     layout_roguey, kennysheep_mini, orc_david_3

Skill      XL: |  1  2  3  4  5  6  7  8  9 10 |
---------------+-------------------------------+-----
Fire Magic     | 3 4 |  4.2
Spellcasting   | 2 4 5 7 8 |  8.9
Fighting       | 4 5 6 7 8 |  8.2
Conjurations   | 2 4 5 6 |  6.4
Air Magic      | 2 3 |  3.3
Ice Magic      | 2 3 |  3.3
Polearms       | |  2.6

Action                     |  1- 3 |  4- 6 |  7- 9 | 10-12 || total
---------------------------+-------+-------+-------+-------++-------
  Melee: Spear             |   125 |    27 |    37 |       ||   189
         Tailslap          |     8 |     2 |     7 |       ||    17
         Dagger            |       |       |    12 |       ||    12
   Cast: Scorch            |    15 |    71 |   151 |    69 ||   306
 Invoke: Fiery Armour      |       |     1 |     1 |       ||     2
         Foxfire Swarm     |       |       |     1 |       ||     1
    Use: Scroll            |     4 |       |     7 |     2 ||    13
         Potion            |       |       |       |     1 ||     1
 Armour: Robe              |    51 |    25 |    86 |    44 ||   206
  Dodge: Dodged            |    57 |    21 |    91 |    35 ||   204

Table legend: (Time is in decaauts)
 A = Elapsed time spent in this place.
 B = Non-inter-level travel time spent in this place.
 C = Inter-level travel time spent in this place.
 D = Time resting spent in this place.
 E = Time spent auto-exploring this place.
 F = Levels seen in this place.
 G = Mean time per level.
                   A        B        C        D        E       F      G
               +--------+--------+--------+--------+--------+-----+--------+
         Total |  10132 |   9692 |    440 |    166 |   8303 |  10 | 1013.2 |
       Dungeon |  10132 |   9692 |    440 |    166 |   8303 |  10 | 1013.2 |
               +--------+--------+--------+--------+--------+-----+--------+

Top non-repeatable levels by time:
     D:4: 1450 daAuts
     D:6: 1342 daAuts
     D:5: 1249 daAuts
     D:3: 1225 daAuts
     D:2: 1064 daAuts
     D:1: 974 daAuts
     D:8: 888 daAuts
     D:7: 818 daAuts
     D:9: 665 daAuts
    D:10: 453 daAuts
